AoeStats
← Jobington

Scandinavia

510383299Analyzed
1v1 RM · 2d ago on Sep 30, 2026· 23m 42s· 2 players
Game mode
Random Map
Map size
Tiny (2 player)
Population
200
Speed
Normal
Resources
Standard
Victory
Conquest
Starting age
Dark Age
Ending age
Imperial Age
RankedLock teamsTeams togetherTeam positionsShared explorationLock speedFull tech treeHidden civsTurbo modeCheats
Victory
Defeat
🇩🇪 Ethiopians · Germany
1103
+14
🇬🇧 Lithuanians · United Kingdom
1066
-14
Jobington
7:15 Loom
9:34 Feudal Age
12:24 Forging
12:14 Scale Mail Armor
12:21 Scale Barding Armor
12:06 Double-Bit Axe
13:48 Bloodlines
14:06 Horse Collar
21:10 Castle Age
preiss_oliver
8:06 Loom
10:48 Feudal Age
14:27 Castle Age
14:06 Scale Mail Armor
23:05 Horse Collar
23:21 Gold Mining
Connection lost

Rejoining the realm…

Still unreachable

The connection could not be restored.

Session expired

The server has moved on; the page needs a fresh start.